 Dungeon Crawl Stone Soup version 0.28-a0-793-g31680bbd8b (webtiles) character file.

Game seed: 10800162688009920391

9406 jasper the Arsonist (level 11, -4/80 HPs)
             Began as a Demonspawn Cinder Acolyte on Nov 5, 2021.
             Was an Initiate of Ignis.
             Slain by Urug (15 damage)
             ... on level 10 of the Dungeon.
             The game lasted 00:16:44 (13635 turns).

jasper the Arsonist (Demonspawn Cinder Acolyte)    Turns: 13635, Time: 00:16:45

Health: -4/80      AC: 10    Str: 14    XL:     11   Next: 22%
Magic:  7/22       EV: 12    Int: 25    God:    Ignis [......]
Gold:   1000       SH:  0    Dex:  9    Spells: 12/24 levels left

rFire   + . .      SeeInvis .   l - +1 rapier (venom)
rCold   . . .      Faith    .   (no shield)
rNeg    . . .      Spirit   .   D - +0 steam dragon scales
rPois   .          Reflect  .   (no helmet)
rElec   .          Harm     .   (cloak unavailable)
rCorr   .          Rampage  .   (no gloves)
Will    .....                   k - +1 pair of boots
Stlth   +.........              (no amulet)
HPRegen 0.23/turn               p - +6 ring of intelligence
MPRegen 0.18/turn               (no ring)

@: no status effects
A: thin metallic scales 2, demonic magic 1, weakness stinger 3
a: Renounce Religion


You were on level 10 of the Dungeon.
You worshipped Ignis.
Ignis was noncommittal.
You visited 2 branches of the dungeon, and saw 11 of its levels.

You collected 1074 gold pieces.
You spent 74 gold pieces at shops.

Inventory:

Hand Weapons
 a - a -1 spear of flaming
 l - a +1 rapier of venom (weapon)
Missiles
 e - 219 stones
 B - 7 poisoned darts
 E - a throwing net
 G - a curare-tipped dart
Armour
 b - a +0 robe
 g - a +0 cloak
 k - a +1 pair of boots (worn)
 D - +0 steam dragon scales (worn)
 H - a +2 kite shield
Jewellery
 o - a ring of ice
 p - a +6 ring of intelligence (left hand)
 r - a ring of ice
Wands
 m - a wand of mindburst (7)
 n - a wand of acid (5)
 y - a wand of flame (43)
 z - a wand of polymorph (13)
Scrolls
 j - a scroll of noise
 w - a scroll of immolation
 A - 4 scrolls of teleportation
 C - 2 scrolls of summoning
 F - a scroll of enchant weapon
 I - 3 scrolls of identify
Potions
 c - a potion of resistance
 d - a potion of degeneration
 f - 3 potions of ambrosia
 h - 3 potions of curing
 i - a potion of mutation
 s - 2 potions of experience
 t - 3 potions of attraction {unknown}
 u - a potion of lignification {unknown}
 x - a potion of flight {unknown}


   Skills:
 - Level 5.5 Fighting
 - Level 2.6 Polearms
 - Level 4.0 Dodging
 + Level 7.4 Spellcasting
 * Level 8.3 Conjurations
 * Level 8.9 Fire Magic
 - Level 7.0 Poison Magic


You had 12 spell levels left.
You knew the following spells:

 Your Spells              Type           Power      Damage    Failure   Level
a - Scorch                Fire           100%       2d10      1%          2
b - Olgreb's Toxic Radia  Pois           44%        N/A       3%          4
c - Starburst             Conj/Fire      25%        6d8       28%         6

Your spell library contained the following spells:

 Spells                   Type           Power      Damage    Failure   Level
 Sting                    Tmut/Pois      100%       1d8       1%          1
 Poisonous Vapours        Pois/Air       52%        N/A       2%          2
 Dazzling Flash           Conj/Hex       60%        N/A       3%          3
 Spider Form              Tmut/Pois      26%        N/A       4%          3
 Beastly Appendage        Tmut           18%        N/A       6%          1
 Wereblood                Tmut           9%         N/A       10%         2
 Hailstorm                Conj/Ice       30%        3d8       12%         4
 Iskenderun's Mystic Bla  Conj/Tloc      30%        2d8       12%         4
 Ozocubu's Armour         Ice            9%         N/A       19%         3
 Airstrike                Air            4%         N/A       54%         4
 Ice Form                 Ice/Tmut       9%         N/A       54%         4
 Ozocubu's Refrigeration  Ice            4%         4d5       100%        7


Dungeon Overview and Level Annotations

Branches:
Dungeon (10/15)            Temple (1/1) D:4            Lair (0/6) D:9
    Orc: D:9-12

Altars:
Elyvilon
Hepliaklqana
The Shining One

Shops:
D:2 (   D:4 [   D:5 (

Annotations:
D:10 Urug


Innate Abilities, Weirdness & Mutations

You are mostly covered in thin metallic scales. (AC +3)
Spells you cast may paralyse adjacent enemies.
You have a sharp stinger which inflicts weakening toxins.


Message History

Evoke which item? (* to show all) (? for menu, Esc to quit)
Aiming: Corrosive Bolt
Press: ? - help, Shift-Dir - straight line, f/p - Urug
Aim: Urug, wielding a +3 long sword of holy wrath, wearing a +0 chain mail and quivering javelins (heavily wounded, very poisoned, 68% to hit)
The bolt of acid misses Urug.
Urug hits you with a +3 long sword of holy wrath!
You convulse!
* * * LOW HITPOINT WARNING * * *
You take 31 damage, and have 21/80 hp.
MASSIVE DAMAGE!!
You feel much better.
Urug hits you with a +3 long sword of holy wrath.
You convulse.
You regained 22 hp, and now have 43/80 hp.
Casting: Scorch (safe; 1% risk of failure)
Press: ? - help, Q - select action, (/) - cycle Dir - look around, f - activate Flames lash Urug.
Urug is heavily wounded.
Urug's fire resistance burns away.
Malevolent energies surge around you.
Urug hits you with a +3 long sword of holy wrath!
You convulse!
You take 17 damage, and have 26/80 hp.
MASSIVE DAMAGE!!
You now have 8/22 mp.
Casting: Scorch (safe; 1% risk of failure)
Press: ? - help, Q - select action, (/) - cycle Dir - look around, f - activate Flames lash Urug but do no damage.
Malevolent energies surge around you.
Urug suddenly stops moving!
You now have 7/22 mp.
The helpless Urug fails to defend herself.
You hit Urug.
Urug looks as sick as possible!
Urug is severely wounded.
The helpless Urug fails to defend herself.
You hit Urug but do no damage.
Urug looks as sick as possible!
Urug is severely wounded.
Urug is no longer paralysed.
Urug barely misses you.
You hit Urug but do no damage.
Urug is severely wounded.
Urug is no longer more vulnerable to fire.
Urug hits you with a +3 long sword of holy wrath!
* * * LOW HITPOINT WARNING * * *
You convulse!
You die...

.##.#############
........))....o@#
.######.#######.#
#.# #.# #.# #.#
##.#######.###
#............#
#.o#######.#.#
#... #.#.# ..###
#...#


You could see Urug (extremely poisoned).

Vanquished Creatures
  3 two-headed ogres
  Pikel (D:6)
  An elephant (D:8)
  Maggie (D:10)
  Sigmund (D:6)
  A wyvern (D:9)
  11 yaks
  A basilisk (D:9)
  Eustachio (D:4)
  2 steam dragons
  3 water moccasins (D:7)
  4 orc warriors
  2 sky beasts
  A black bear (D:9)
  5 ice beasts
  An ogre (D:6)
  2 centaurs
  3 lemures (D:6)
  A phantom (D:7)
  2 kobold brigands
  2 bullfrogs
  3 gnoll sergeants
  2 scorpions
  A water moccasin zombie (D:6)
  A water moccasin skeleton (D:6)
  A wyvern skeleton (D:7)
  5 wights (D:8)
  6 electric eels (D:8)
  6 howler monkeys
  3 hounds
  8 orc priests
  A bullfrog zombie (D:6)
  2 centaur skeletons (D:6)
  3 jellies
  2 iguanas
  7 orc wizards
  A hound skeleton (D:5)
  2 howler monkey zombies
  A howler monkey skeleton (D:7)
  6 adders
  15 gnolls
  A white imp (D:8)
  2 ufetubi (D:6)
  An adder skeleton (D:2)
  2 worms
  8 dart slugs
  23 orcs
  A bat (D:2)
  3 endoplasms
  8 giant cockroaches
  6 goblins
  6 hobgoblins
  2 jackals (D:2)
  15 kobolds
  A quokka (D:4)
  4 ball pythons
  2 frilled lizards
210 creatures vanquished.

Vanquished Creatures (others)
  118 foxfires
  36 plants (D:8)
154 creatures vanquished.

Grand Total: 364 creatures vanquished

Notes
Turn   | Place    | Note
-------+----------+-------------------------------------------
     0 | D:1      | jasper the Demonspawn Cinder Acolyte began the quest for
                  | the Orb.
     0 | D:1      | Reached XP level 1. HP: 18/18 MP: 2/2
   417 | D:1      | Gained mutation: You have a small tail. [demonic ancestry]
   417 | D:1      | Reached XP level 2. HP: 24/24 MP: 3/3
   452 | D:1      | Learned a level 2 spell: Scorch
  1173 | D:1      | Found a faded altar of an unknown god.
  1404 | D:2      | Reached XP level 3. HP: 29/29 MP: 0/4
  1600 | D:2      | Found Wiotuda's Weapon Boutique.
  2007 | D:2      | Bought a +0 rapier of venom for 74 gold pieces
  2037 | D:3      | Gained mutation: You are partially covered in thin metallic
                  | scales. (AC +2) [demonic ancestry]
  2037 | D:3      | Reached XP level 4. HP: 35/35 MP: 0/6
  2042 | D:3      | Learned a level 4 spell: Olgreb's Toxic Radiance
  2381 | D:3      | Reached skill level 1 in Poison Magic
  2662 | D:3      | Gained mutation: You have a tail ending in a sharp stinger.
                  | [demonic ancestry]
  2662 | D:3      | Reached XP level 5. HP: 12/41 MP: 2/7
  3116 | D:4      | Noticed a centaur
  3318 | D:4      | Killed a centaur
  3666 | D:4      | Noticed an orc warrior
  3684 | D:3      | Gained mutation: You are mostly covered in thin metallic
                  | scales. (AC +3) [demonic ancestry]
  3684 | D:3      | Reached XP level 6. HP: 42/47 MP: 5/8
  3822 | D:3      | Killed an orc warrior
  3823 | D:3      | Reached skill level 5 in Poison Magic
  4164 | D:4      | Got the Incunabulum of Glacial Air
  4210 | D:4      | Found Boifuc's Armour Emporium.
  4283 | D:4      | Noticed Eustachio
  4306 | D:4      | Killed Eustachio
  4396 | D:4      | Reached XP level 7. HP: 52/52 MP: 2/9
  4485 | D:4      | Found a staircase to the Ecumenical Temple.
  4744 | Temple   | Entered the Ecumenical Temple
  4757 | D:5      | Entered Level 5 of the Dungeon
  5729 | D:5      | Reached skill level 1 in Dodging
  5998 | D:5      | Reached XP level 8. HP: 59/59 MP: 7/12
  6005 | D:5      | Learned a level 6 spell: Starburst
  6159 | D:5      | Found Vadyiler's Antique Weapon Emporium.
  6338 | D:6      | Reached skill level 1 in Conjurations
  6914 | D:6      | Reached skill level 5 in Fire Magic
  7050 | D:6      | Noticed Sigmund
  7051 | D:6      | Noticed Pikel
  7073 | D:6      | Killed Pikel
  7073 | D:6      | Killed Sigmund
  7074 | D:6      | Gained mutation: You have a sharp stinger which inflicts
                  | weakening toxins. [demonic ancestry]
  7074 | D:6      | Reached XP level 9. HP: 27/66 MP: 14/16
  7417 | D:6      | Identified a scroll of acquirement
  7417 | D:6      | Acquired 677 gold pieces
  7662 | D:7      | Reached skill level 5 in Spellcasting
  8235 | D:7      | Reached skill level 5 in Fighting
  8807 | D:7      | Reached skill level 5 in Conjurations
  9567 | D:8      | Gained mutation: Spells you cast may paralyse adjacent
                  | enemies. [demonic ancestry]
  9567 | D:8      | Reached XP level 10. HP: 69/70 MP: 8/19
  9725 | D:8      | Noticed a two-headed ogre
  9763 | D:8      | Killed a two-headed ogre
 10749 | D:9      | Noticed a two-headed ogre
 10773 | D:9      | Killed a two-headed ogre
 11013 | D:9      | Noticed an elephant
 11056 | D:8      | Killed an elephant
 11392 | D:9      | Found a staircase to the Lair.
 12974 | D:10     | Entered Level 10 of the Dungeon
 12987 | D:10     | Noticed a two-headed ogre
 13016 | D:10     | Killed a two-headed ogre
 13017 | D:10     | Reached XP level 11. HP: 33/80 MP: 9/21
 13478 | D:10     | Noticed Maggie
 13487 | D:10     | Killed Maggie
 13605 | D:10     | Noticed Urug
 13635 | D:10     | Slain by Urug

Illustrated notes

Levels and vault maps discovered:
D:1:      wander_arrival_estate, layout_basic,
          shapermc_ecumenical_altar_mp_vishouse, hangedman_glass_teeth,
          minmay_misc_feat_ornament, minmay_worlds_worst_comb
D:2:      layout_rooms, serial_shops, nicolae_shop_waterfront
D:3:      layout_basic
D:4:      layout_rooms, minmay_temple_entry_grid, serial_shops, shop_statue,
          uniq_eustachio
D:5:      kennysheep_slugbush, layout_basic, serial_shops, shop,
          minmay_fountain_box, hangedman_decor_slide_cut
D:6:      layout_rooms, uniq_pikel, uniq_sigmund
D:7:      layout_loops_corners
D:8:      layout_basic, serial_bayou, serial_bayou_ford_a, serial_bayou_shore_a,
          serial_bayou_lagoon_b, serial_bayou_crossing
D:9:      layout_layer_cave, david_lair_generic
D:10:     layout_loops_ring, mainiacjoe_overflow_small_starburst, erik_orc_2,
          uniq_maggie, uniq_urug
Temple:   grunt_wide_crystal_templ

Skill      XL: |  1  2  3  4  5  6  7  8  9 10 11 |
---------------+----------------------------------+-----
Fire Magic     | 3 4 5 6 8 |  8.9
Poison Magic   | 2 4 6 7 |  7.0
Spellcasting   | 3 4 6 7 |  7.4
Dodging        | 1 2 3 4 |  4.0
Conjurations   | 3 5 7 8 |  8.3
Fighting       | 4 5 |  5.5
Polearms       | |  2.6

Action                   |  1- 3 |  4- 6 |  7- 9 | 10-12 || total
-------------------------+-------+-------+-------+-------++-------
Melee: Spear             |    61 |       |       |       ||    61
       Tailslap          |     3 |     1 |     9 |     8 ||    21
       Rapier            |     1 |    38 |    76 |    52 ||   167
 Cast: Scorch            |    21 |    40 |   142 |    41 ||   244
       Olgreb's Toxic Ra |       |       |    10 |    41 ||    51
Invok: Foxfire Swarm     |       |     2 |     9 |       ||    11
Evoke: Wand              |       |       |     3 |     7 ||    10
  Use: Scroll            |     2 |     5 |     8 |     2 ||    17
       Potion            |       |       |     2 |     1 ||     3
 Stab: Paralysed         |       |       |       |    11 ||    11
Armor: Robe              |    19 |    33 |    61 |     3 ||   116
       Steam dragon scal |       |       |       |     9 ||     9
Dodge: Dodged            |    26 |    30 |    93 |    44 ||   193

Table legend: (Time is in decaauts)
 A = Elapsed time spent in this place.
 B = Non-inter-level travel time spent in this place.
 C = Inter-level travel time spent in this place.
 D = Time resting spent in this place.
 E = Time spent auto-exploring this place.
 F = Levels seen in this place.
 G = Mean time per level.
                   A        B        C        D        E       F      G
               +--------+--------+--------+--------+--------+-----+--------+
         Total |  13753 |  13537 |    216 |   1980 |   9831 |  11 | 1250.3 |
       Dungeon |  13751 |  13535 |    216 |   1980 |   9831 |  10 | 1375.1 |
        Temple |      1 |      1 |      0 |      0 |      0 |   1 |    1.0 |
               +--------+--------+--------+--------+--------+-----+--------+

Top non-repeatable levels by time:
     D:9: 2147 daAuts
     D:8: 1933 daAuts
     D:3: 1848 daAuts
     D:7: 1519 daAuts
     D:5: 1368 daAuts
     D:1: 1195 daAuts
     D:4: 1129 daAuts
     D:6: 1033 daAuts
     D:2: 908 daAuts
    D:10: 666 daAuts
  Temple: 1 daAuts
